 Dungeon Crawl Stone Soup version 0.28-a0-1339-ga5422284a4 (webtiles) character file.

Game seed: 13316950777061216108

2238 oldriver the Thaumaturge (level 9, 41/41 HPs)
             Began as a Felid Summoner on Dec 28, 2021.
             Was an Initiate of Gozag.
             Quit the game on level 10 of the Dungeon on Dec 29, 2021.
             The game lasted 00:41:11 (17253 turns).

oldriver the Thaumaturge (Felid Summoner)          Turns: 17253, Time: 00:41:12

Health: 41/41      AC:  2    Str: 10    XL:     9   Next: 14%
Magic:  26/26      EV: 17    Int: 22    God:    Gozag
Gold:   858        SH:  0    Dex: 16    Spells: 17/32 levels left
                                        Lives:  0   Deaths: 3

rFire   . . .      SeeInvis +     - Unarmed
rCold   . . .      Faith    .   (shield unavailable)
rNeg    . . .      Spirit   .   (armour unavailable)
rPois   +          Reflect  .   (helmet unavailable)
rElec   .          Harm     .   (cloak unavailable)
rCorr   .          Rampage  .   (gloves unavailable)
Will    +....                   (boots unavailable)
Stlth   +++.......              (no amulet)
HPRegen 0.13/turn               n - ring of poison resistance
MPRegen 0.20/turn               y - +6 ring of strength

@: gold aura, quick
A: very small, claws 1, fangs 3, see invisible, speed 1, shaggy fur 2, stealthy
paws, no weapons or thrown items, no armour, multi-lived
a: Renounce Religion, Potion Petition, Call Merchant, Bribe Branch


You were on level 10 of the Dungeon.
You worshipped Gozag.
Gozag was pleased with you.
You visited 2 branches of the dungeon, and saw 12 of its levels.
You also visited: Sewer.

You collected 1714 gold pieces.
You spent 320 gold pieces at shops.
You paid 536 gold pieces to Gozag.

Inventory:

Jewellery
 n - a ring of poison resistance (left paw)
 p - a ring of ice
 y - a +6 ring of strength (right paw)
Wands
 e - a wand of paralysis (13)
 m - a wand of digging (10)
 t - a wand of charming (2)
 w - a wand of acid (3)
 B - a wand of iceblast (2)
Scrolls
 k - 2 scrolls of identify
 o - a scroll of magic mapping
 q - 2 scrolls of blinking
 r - a scroll of holy word
 s - 5 scrolls of teleportation
 v - 2 scrolls of torment {unknown}
 z - 2 scrolls of silence {unknown}
Potions
 a - 4 potions of haste
 b - 4 potions of curing
 c - a potion of berserk rage
 d - 5 potions of might
 f - 4 potions of mutation
 g - 2 potions of resistance
 h - 2 potions of flight {unknown}
 i - 2 potions of cancellation {unknown}
 j - a potion of magic {unknown}
 l - 2 potions of degeneration {unknown}
 u - a potion of heal wounds {unknown}
 x - a potion of attraction {unknown}
 A - a potion of lignification {unknown}


   Skills:
 * Level 6.1 Fighting
 + Level 3.0 Dodging
 + Level 3.9 Stealth
 + Level 1.2 Unarmed Combat
 * Level 12.0 Spellcasting
 - Level 4.0 Hexes
 + Level 9.7 Summonings
 + Level 0.2 Ice Magic
 * Level 3.2 Air Magic


You had 17 spell levels left.
You knew the following spells:

 Your Spells              Type           Power      Damage    Failure   Level
a - Summon Small Mammal   Summ           100%       N/A       1%          1
b - Call Imp              Summ           54%        N/A       1%          2
c - Call Canine Familiar  Summ           54%        N/A       1%          3
d - Summon Guardian Gole  Hex/Summ       43%        N/A       1%          3
e - Summon Lightning Spi  Summ/Air       41%        N/A       3%          4
f - Ensorcelled Hibernat  Hex/Ice        44%        N/A       3%          2

Your spell library contained the following spells:

 Spells                   Type           Power      Damage    Failure   Level
 Tukima's Dance           Hex            31%        N/A       2%          3
 Scorch                   Fire           26%        2d6       8%          2
 Stone Arrow              Conj/Erth      26%        3d8       14%         3
 Summon Cactus Giant      Summ           27%        N/A       14%         6
 Flame Wave               Conj/Fire      13%        2d5       43%         4
 Passage of Golubria      Tloc           13%        N/A       43%         4
 Yara's Violent Unravell  Hex/Tmut       11%        3d6       52%         5
 Enfeeble                 Hex            15%        N/A       100%        7
 Lehudib's Crystal Spear  Conj/Erth      6%         10d3      100%        8
 Animate Armour           Summ/Erth      Unusable   N/A       N/A         4

Dungeon Overview and Level Annotations

Branches:
Dungeon (11/15)            Temple (1/1) D:4            Lair (0/6) D:10
  Sewer (visited)
    Orc: D:9-12

Altars:
Ashenzari
Cheibriados
Dithmenos
Elyvilon
Fedhas
Gozag
Hepliaklqana
Kikubaaqudgha
Makhleb
Nemelex Xobeh
Okawaru
Qazlal
Ru
Sif Muna
Trog
Uskayaw
Vehumet
Wu Jian
Xom
Yredelemnul
Zin
The Shining One

Shops:
D:2 ?   D:7 =   D:9 *

Annotations:
D:7 3 runed translucent doors, bande's ghost, novice GrFi
D:9 2 transporters
D:10 Urug


Innate Abilities, Weirdness & Mutations

You have sharp claws.
You have razor-sharp teeth.
You have supernaturally acute eyesight. (SInv)
You cover ground quickly. (Speed+)
You are covered in thick fur. (AC +2)
Your paws help you pounce on unaware monsters.
You are incapable of wielding weapons or throwing items.
You cannot wear armour.
You gain extra lives every three experience levels.


Message History

A guardian golem appears, shielding your allies.
The howler monkey howls!
You hear a howl!
The howler monkey hoots and howls with incredible vigour!
You hear a shout!
Casting: Summon Guardian Golem (safe; 1% risk of failure)
Confirm with . or Enter, or press ? or * to list all spells.
Something hits your wolf!!
Your wolf closely misses Urug.
Urug misses your wolf.
Your wolf bites Urug.
You swap places.
Your wolf closely misses Urug.
Urug throws a silver javelin.
The silver javelin pierces through your wolf.
The silver javelin pierces through you!
Your wolf bites Urug!
The howler monkey hoots and howls with incredible vigour!
You hear a howl!
As you read the scroll of teleportation, it crumbles to dust.
You feel strangely unstable.
The howler monkey completely misses you.
Your wolf bites Urug.
Urug completely misses your guardian golem.
The howler monkey hits you.
Your wolf bites Urug.
Casting: Call Canine Familiar (safe; 1% risk of failure)
Confirm with . or Enter, or press ? or * to list all spells.
An electric hum fills the air.
Your wolf barely misses Urug.
The howler monkey hits you!
Urug throws a silver javelin.
The silver javelin pierces through your guardian golem!
The silver javelin pierces through you!
* * * LOW HITPOINT WARNING * * *
x2 You feel better.
Your surroundings suddenly seem different.
Your guardian golem overheats!
Something hits your guardian golem but does no damage.
Urug throws a silver javelin.
The silver javelin pierces through you!
You die...
You are now level 9!
You rejoin the land of the living...
Unknown command.
Unknown command.
You feel a bit more experienced.
Unknown command.
Are you sure you want to abandon this character and quit the game? (Confirm with "yes".)

#.# #.# #.#
#.# #.# #.#
######'####
#..>......#
#.......@.#
#.........#
#.........#
#.........#
###########


There were no monsters in sight!

Vanquished Creatures
  An adder (D:5)
  A dart slug (D:3)
  A bat (D:3)
  A giant cockroach (D:5)
  A hobgoblin (D:1)
  2 kobolds (D:1)
  A ball python (D:1)
  2 rats
10 creatures vanquished.

Vanquished Creatures (collateral kills)
  Erolcha (D:10)
  Erica (D:10)
  4 two-headed ogres
  A troll (D:9)
  A hornet (D:9)
  2 meliai zombies
  A shadow (D:7)
  A wyvern (D:9)
  2 acid dragons
  A water moccasin (D:7)
  A sky beast (D:5)
  A hornet zombie (D:8)
  2 ice beasts
  A necrophage (D:3)
  3 ogres
  4 centaurs
  A phantom (D:5)
  A kobold brigand (D:8)
  3 bullfrogs
  A gnoll sergeant (D:9)
  5 scorpions
  6 killer bees
  3 wights (D:6)
  2 electric eels (D:8)
  4 centaur zombies
  A jelly (D:7)
  3 hounds
  2 orc priests
  5 orc wizards
  2 iguanas (D:4)
  A scorpion zombie (D:5)
  A hound zombie (D:5)
  A hound skeleton (D:4)
  10 adders
  5 gnolls
  7 river rats (Sewer)
  An ufetubus (D:5)
  3 worms
  2 dart slugs (D:2)
  13 orcs
  14 ball pythons
  2 bats (D:1)
  4 endoplasms
  3 giant cockroaches
  5 hobgoblins
  2 jackals (D:2)
  7 quokkas
  5 frilled lizards
  9 goblins
  21 kobolds
  21 rats
203 creatures vanquished.

Vanquished Creatures (others)
  A two-headed ogre (D:6)
  A hornet (D:9)
  A vampire (D:9)
  Edmund (D:6)
  2 orc warriors
  5 killer bees
  4 wights (D:6)
  A howler monkey (D:10)
  An orc wizard (D:3)
  2 gnolls (D:9)
  50 plants
69 creatures vanquished.

Grand Total: 282 creatures vanquished

Notes
Turn   | Place    | Note
-------+----------+-------------------------------------------
     0 | D:1      | oldriver the Felid Summoner began the quest for the Orb.
     0 | D:1      | Reached XP level 1. HP: 7/7 MP: 4/4
   514 | D:1      | Reached XP level 2. HP: 8/12 MP: 3/6
  1259 | D:1      | Learned a level 2 spell: Call Imp
  1634 | D:2      | Reached XP level 3. HP: 14/15 MP: 5/8
  1959 | D:2      | Reached skill level 3 in Spellcasting
  2027 | D:2      | Found Joeczuin's Magic Scroll Shoppe.
  2831 | D:3      | Reached XP level 4. HP: 10/18 MP: 3/9
  3629 | D:3      | Noticed an ogre
  3655 | D:3      | Killed an ogre
  3656 | D:3      | Reached skill level 1 in Fighting
  3656 | D:3      | Reached skill level 4 in Spellcasting
  3656 | D:3      | Reached XP level 5. HP: 22/22 MP: 6/12
  4018 | D:3      | Noticed a necrophage
  4049 | D:3      | Killed a necrophage
  4050 | D:3      | Gained mutation: You are covered in thick fur. (AC +2)
                  | [Felid growth]
  4050 | D:3      | Reached XP level 6. HP: 26/26 MP: 10/13
  4416 | D:3      | Learned a level 3 spell: Call Canine Familiar
  4626 | D:4      | Reached skill level 5 in Summonings
  4786 | D:4      | Found a staircase to the Ecumenical Temple.
  4804 | D:4      | Reached skill level 1 in Unarmed Combat
  4875 | Temple   | Entered the Ecumenical Temple
  4992 | Temple   | Became a worshipper of Gozag Ym Sagoz the Greedy
  5062 | D:5      | Entered Level 5 of the Dungeon
  5169 | D:4      | Reached skill level 5 in Spellcasting
  5504 | D:5      | Noticed a sky beast
  5536 | D:5      | Killed a sky beast
  5537 | D:5      | Reached XP level 7. HP: 30/30 MP: 3/16
  5666 | D:5      | Found a glowing drain.
  5678 | Sewer    | Entered a sewer
  6555 | Sewer    | Reached skill level 6 in Spellcasting
  7622 | D:5      | Reached XP level 8. HP: 34/34 MP: 14/19
  7709 | D:5      | Learned a level 3 spell: Summon Guardian Golem
  7714 | D:5      | Learned a level 4 spell: Summon Lightning Spire
  8042 | D:5      | Reached skill level 7 in Spellcasting
  8042 | D:5      | Reached skill level 1 in Hexes
  8296 | D:6      | Noticed Edmund
  8335 | D:6      | Killed Edmund
  8653 | D:6      | Noticed a two-headed ogre
  8672 | D:6      | Killed a two-headed ogre
  8673 | D:6      | Reached skill level 8 in Spellcasting
  8673 | D:6      | Reached XP level 9. HP: 39/39 MP: 10/22
  9607 | D:7      | Found a runed translucent gate.
  9607 | D:7      | Found a runed translucent gate.
  9607 | D:7      | Found a runed translucent gate.
  9609 | D:7      | Noticed bande's ghost (novice GrFi)
  9812 | D:7      | Reached skill level 9 in Spellcasting
 10103 | D:7      | Found a shimmering altar of Xom.
 11553 | D:7      | Learned a level 2 spell: Ensorcelled Hibernation
 11585 | D:8      | Shot with an arrow by a centaur
 11586 | D:8      | Reached XP level 8. HP: -3/36 MP: 9/22
 12055 | D:8      | Reached XP level 9. HP: 24/39 MP: 14/23
 12252 | D:8      | Noticed a two-headed ogre
 12281 | D:8      | Killed a two-headed ogre
 12282 | D:8      | Reached skill level 10 in Spellcasting
 12282 | D:8      | Reached skill level 1 in Air Magic
 12992 | D:7      | Bought a ring of poison resistance for 320 gold pieces
 13166 | D:8      | Reached skill level 5 in Fighting
 13652 | D:9      | Noticed a troll
 13737 | D:9      | Found a transporter.
 13916 | D:9      | Found a transporter.
 14260 | D:9      | Killed a troll
 14261 | D:9      | Reached XP level 10. HP: 25/44 MP: 8/25
 14848 | D:9      | Reached skill level 11 in Spellcasting
 15063 | D:9      | Found Wuda's General Store.
 15872 | D:10     | Entered Level 10 of the Dungeon
 15947 | D:10     | Noticed a two-headed ogre
 15987 | D:10     | Noticed Erica
 16076 | D:10     | Killed a two-headed ogre
 16372 | D:10     | Noticed Erolcha
 16388 | D:10     | Killed Erolcha
 16669 | D:10     | Noticed a two-headed ogre
 16687 | D:10     | Killed a two-headed ogre
 16735 | D:10     | Noticed a two-headed ogre
 16765 | D:10     | Killed a two-headed ogre
 16847 | D:10     | Noticed Urug
 16857 | D:10     | Hit by a silver javelin thrown by Urug
 16858 | D:10     | Reached XP level 9. HP: -13/41 MP: 20/25
 16924 | D:10     | Found a staircase to the Lair.
 17015 | D:10     | Killed Erica
 17016 | D:10     | Reached skill level 12 in Spellcasting
 17016 | D:10     | Reached XP level 10. HP: 45/45 MP: 8/27
 17164 | D:11     | Noticed a purple ugly thing
 17248 | D:10     | Hit by a silver javelin thrown by Urug
 17249 | D:10     | Reached XP level 9. HP: -1/41 MP: 19/26
 17253 | D:10     | Quit the game

Illustrated notes

Levels and vault maps discovered:
D:1:      wander_arrival_fairy_ring, layout_basic
D:2:      layout_loops_cross, serial_shops, shop_statue, cheibrodos_gnoll_hut
D:3:      minmay_recursive_quarters, layout_loops_corners,
          mrwooster_statue_mirror
D:4:      layout_basic, minmay_temple_entry_overgrown, kennysheep_nondescript,
          grunt_ministairs_13
D:5:      layout_rooms, portal_sewer_entry_f,
          nicolae_ossuary_entry_false_entrances, feat_on_display
D:6:      layout_gridville, uniq_edmund
D:7:      layout_cave_pools, xom_teletrap_fun, ebering_ghost_rock_garden
D:8:      layout_basic, serial_bayou_lagoon_a, bh_walls_and_bars
D:9:      gammafunk_steamed_eel, layout_layer_cave, enter_bailey_5,
          serial_shops, shop
D:10:     layout_roguey, lair_entry_dummy, uniq_erica, uniq_erolcha, uniq_urug
D:11:     layout_loops_cross, orc_0_dummy, gammafunk_ghost_ooze,
          gauntlet_entry_generic, minmay_misc_feat_doors,
          nicolae_lava_and_water, moated_statue
Temple:   kilobyte_greek_temple

Skill      XL: |  1  2  3  4  5  6  7  8  9 10 |
---------------+-------------------------------+-----
Spellcasting   | 3 4 5 6 8 12 11 | 12.0
Fighting       | 1 2 3 4 5 6 |  6.1
Summonings     | 5 6 7 9 |  9.7
Unarmed Combat | 1 |  1.2
Stealth        | 3 |  3.9
Hexes          | 3 4 |  4.0
Dodging        | 3 |  3.0
Air Magic      | 3 2 |  3.2
Ice Magic      | |  0.2

Action                   |  1- 3 |  4- 6 |  7- 9 | 10-12 || total
-------------------------+-------+-------+-------+-------++-------
Melee: Unarmed           |    18 |    34 |    16 |       ||    68
       Bite              |     1 |     2 |     1 |       ||     4
 Cast: Summon Small Mamm |    78 |    38 |   125 |     2 ||   243
       Call Imp          |    16 |    23 |    53 |     5 ||    97
       Call Canine Famil |       |    12 |    70 |    14 ||    96
       Summon Guardian G |       |       |    48 |    15 ||    63
       Summon Lightning  |       |       |    13 |    18 ||    31
       Ensorcelled Hiber |       |       |     5 |       ||     5
Invok: Call Merchant     |       |       |     1 |       ||     1
  Use: Scroll            |       |     7 |    10 |     1 ||    18
       Potion            |       |       |     1 |     1 ||     2
 Stab: Sleeping          |     2 |       |       |       ||     2
       Distracted        |       |       |     1 |       ||     1
Armor: Skin              |     5 |     2 |     7 |       ||    14
Dodge: Dodged            |    28 |    16 |    74 |     7 ||   125

Table legend: (Time is in decaauts)
 A = Elapsed time spent in this place.
 B = Non-inter-level travel time spent in this place.
 C = Inter-level travel time spent in this place.
 D = Time resting spent in this place.
 E = Time spent auto-exploring this place.
 F = Levels seen in this place.
 G = Mean time per level.
                   A        B        C        D        E       F      G
               +--------+--------+--------+--------+--------+-----+--------+
         Total |  15596 |  15122 |    474 |   2641 |   9207 |  13 | 1199.7 |
       Dungeon |  14219 |  13762 |    457 |   2297 |   8533 |  11 | 1292.6 |
        Temple |    128 |    111 |     17 |      0 |    101 |   1 |  128.0 |
         Sewer |   1247 |   1247 |      0 |    344 |    572 |   1 | 1247.0 |
               +--------+--------+--------+--------+--------+-----+--------+

Top non-repeatable levels by time:
     D:7: 2058 daAuts
     D:9: 1897 daAuts
     D:8: 1789 daAuts
     D:3: 1654 daAuts
     D:5: 1308 daAuts
    D:10: 1257 daAuts
   Sewer: 1247 daAuts
     D:2: 1201 daAuts
     D:1: 1170 daAuts
     D:6: 1123 daAuts
     D:4: 748 daAuts
  Temple: 128 daAuts
    D:11: 9 daAuts
